 Dungeon Crawl Stone Soup version 0.31.0-11-ge490571c62 (webtiles) character file.

Game seed: 8647577026468461088

16 qw the Shooter (level 2, 0/14 HPs)
             Began as a Spriggan Hunter on Feb 3, 2024.
             Succumbed to their own poison gas
             ... on level 1 of the Dungeon.
             The game lasted 00:00:01 (602 turns).

qw the Shooter (Spriggan Hunter)                     Turns: 602, Time: 00:00:02

Health: 0/14       AC:  2    Str:  7    XL:     2   Next: 41%
Magic:  3/3        EV: 19    Int: 10    God:
Gold:   59         SH:  0    Dex: 18    Spells: 1/1 levels left

rFire   . . .        a - +0 shortbow
rCold   . . .        (shield currently unavailable)
rNeg    . . .        c - +0 robe
rPois   .            (helmet restricted)
rElec   .            (no cloak)
rCorr   .            (gloves unavailable)
SInv    +            (boots unavailable)
Will    +....        (no amulet)
Stlth   ++           e - ring of willpower
HPRegen 0.22/turn    (no ring)
MPRegen 0.08/turn

%: no passive effects
@: lethally poisoned (0 -> -6), very quick
A: very small, no large weapons, unfitting armour, see invisible, speed 3
a: no special abilities


You were on level 1 of the Dungeon.
You visited 1 branch of the dungeon, and saw 1 of its levels.

You collected 59 gold pieces.


Innate Abilities, Weirdness & Mutations

You are very small and have problems with some larger weapons.
You are too small for most types of armour.
You have supernaturally acute eyesight. (SInv)
You cover ground extremely quickly. (Speed+++)


   Skills:
 - Level 1.5 Fighting
 + Level 4.1 Ranged Weapons
 - Level 4.0 Dodging
 - Level 1.5 Stealth


You had one spell level left.
You didn't know any spells.
Your spell library was empty.

Inventory:

Hand Weapons
 a - a +0 shortbow (weapon)
Armour
 c - a +0 robe (worn)
Jewellery
 e - a ring of willpower (left hand)
Potions
 g - a potion of heal wounds {unknown}
 h - a potion of haste {unknown}

Dungeon Overview and Level Annotations

Branches:
Dungeon (1/15)

Altars:


Message History

You now have 55 gold pieces (gained 3).
You now have 59 gold pieces (gained 4).
Done exploring.
Done exploring.
594 ||| UPGRADING to ring of willpower.
e - a ring of willpower (left hand) Done exploring.
595 ||| READING scroll labelled KUFUACH OXEAHO.
The air fills with toxic fumes!
As you read the scroll labelled KUFUACH OXEAHO, it crumbles to dust.
It was a scroll of poison.
Done exploring.
596 ||| READING scroll labelled XACUHI QALLOI.
Blink to where?
Press: ? - help, Dir - move target, f - you
As you read the scroll labelled XACUHI QALLOI, it crumbles to dust.
It was a scroll of blinking.
Done exploring.
597 ||| DROPPING scroll of butterflies.
You drop a scroll of butterflies.
Done exploring.
What level of the Dungeon? (default 1, ? - help) Sorry, I don't know how to get there.
Enter note:
Enter note:
Enter note:
Enter note:
Enter note:
Enter note: You are engulfed in poison gas.
You are poisoned.
You feel sick.
599 ||| Stepping ~*~*~tactically~*~*~ (cloud).
You feel sick.
You see here a scroll of butterflies.
There is a lethal amount of poison in your body!
You feel sick.
There is a lethal amount of poison in your body!
You feel sick.
There is a lethal amount of poison in your body!
You die...

##..# ####...............
#...###########.#####..###.#.
#.#........¤¤##..).........##
####...########¤##.#####..###.##
#...%..# #¤##........##[#.#
#.###### #¤##.#.....##.###. #.#
#0##.#.#######.#.# #.# #¤##.#.#
##.## #.# #@##.#.########.## #.#
##0##............# #.#
##00####.########## #.# ##.¤¤##
#.# #.# ########.¤00¤# #.# #.#
#........¤0¤## #.# #.#
#.########¤## #.# #.# #.# ###
#.# #.# #.# #.#


There were no monsters in sight!

Vanquished Creatures
  A giant cockroach (D:1)
  2 goblins (D:1)
  4 hobgoblins (D:1)
  A kobold (D:1)
  A quokka (D:1)
  3 ball pythons (D:1)
  A bat (D:1)
  2 rats (D:1)
15 creatures vanquished.

Notes
Turn   | Place    | Note
-------+----------+-------------------------------------------
     0 | D:1      | qw the Spriggan Hunter began the quest for the Orb.
     0 | D:1      | Reached XP level 1. HP: 10/10 MP: 2/2
     0 | D:1      | 0 ||| qw: Version: 0.3-a-158-g18b3111
     0 | D:1      | 0 ||| qw: Game counter: 4242
     0 | D:1      | 0 ||| qw: Melee chars always use a shield: true
     0 | D:1      | 0 ||| qw: God list: Okawaru
     0 | D:1      | 0 ||| qw: Allow faded altars: false
     0 | D:1      | 0 ||| qw: Do Orc after clearing Dungeon:15 true
     0 | D:1      | 0 ||| qw: Do second Lair branch before Depths: true
     0 | D:1      | 0 ||| qw: Lair rune preference: random
     0 | D:1      | 0 ||| qw: Goals: Normal
     0 | D:1      | 0 ||| PLANNING D:1-11
    16 | D:1      | Reached skill level 3 in Dodging
   122 | D:1      | Reached XP level 2. HP: 14/14 MP: 3/3
   594 | D:1      | 594 ||| UPGRADING to ring of willpower.
   595 | D:1      | 595 ||| READING scroll labelled KUFUACH OXEAHO.
   596 | D:1      | 596 ||| READING scroll labelled XACUHI QALLOI.
   597 | D:1      | 597 ||| DROPPING scroll of butterflies.
   599 | D:1      | 599 ||| Stepping ~*~*~tactically~*~*~ (cloud).
   601 | D:1      | HP: 2/14 [poisoned by you (poison gas)]
   602 | D:1      | Succumbed to their own poison gas

Levels and vault maps discovered:
D:1:      moated_graveyard_arrival, layout_loops_ring

Skill      XL: |  1  2 |
---------------+-------+-----
Dodging        | 3 4 |  4.0
Fighting       | |  1.5
Ranged Weapons | |  4.1
Stealth        | |  1.5

Action                     || total
---------------------------++-------
   Fire: Shortbow          ||    37
    Use: Scroll            ||     2
 Armour: Robe              ||     1
  Dodge: Dodged            ||    13

Table legend:
 A = Non-vault XP
 B = Vault XP
 C = Vault XP percentage of total XP
 D = Non-vault monster count
 E = Vault monster count
 F = Vault count percentage of total count
                 A         B        C        D         E       F
            +---------+---------+-------+---------+---------+-------
      Total |      24 |       0 |   0.0 |      15 |       0 |   0.0
            +---------+---------+-------+---------+---------+-------
        D:1 |      24 |       0 |   0.0 |      15 |       0 |   0.0
            +---------+---------+-------+---------+---------+-------
